 Dungeon Crawl Stone Soup version 0.28-a0-1182-g381e24db82 (webtiles) character file.

Game seed: 8996246289492113210

830 bearlyready the Destroyer (level 7, -2/50 HPs)
             Began as a Purple Draconian Conjurer on Dec 16, 2021.
             Slain by an orc warrior (15 damage)
             ... on level 5 of the Dungeon.
             The game lasted 00:10:56 (5744 turns).

bearlyready the Destroyer (DrCj)                    Turns: 5744, Time: 00:10:56

Health: -2/50      AC:  6    Str:  9    XL:     7   Next: 65%
Magic:  1/10       EV: 12    Int: 22    God:
Gold:   228        SH:  0    Dex: 10    Spells: 3/10 levels left

rFire   . . .      SeeInvis .   z - +8 flail of Punishment {protect, rC++ Int+2}
rCold   + + .      Faith    .   (no shield)
rNeg    . . .      Spirit   .   (armour unavailable)
rPois   .          Reflect  .   (helmet restricted)
rElec   .          Harm     .   (no cloak)
rCorr   .          Rampage  .   (no gloves)
Will    +....                   (no boots)
Stlth   ++........              (no amulet)
HPRegen 0.16/turn               (no ring)
MPRegen 0.12/turn               (no ring)

@: short of breath
A: breathe power, AC +6, unfitting armour, cold-blooded
a: Breathe Dispelling Energy


You were on level 5 of the Dungeon.
You visited 1 branch of the dungeon, and saw 5 of its levels.

You collected 228 gold pieces.

Inventory:

Hand Weapons
 y - a +3 whip
 z - the +8 flail of Punishment (weapon) {protect, rC++ Int+2}
   (You found it on level 5 of the Dungeon)

   It grants its wielder temporary protection when it strikes (+7 to AC).
   Int:       It affects your intelligence (+2).
   rC:        It greatly protects you from cold.
Missiles
 f - 2 javelins
 h - 7 poisoned darts (quivered)
 l - 6 datura-tipped darts
 p - a throwing net
 t - 8 boomerangs
 A - 2 boomerangs of dispersal
Magical Staves
 j - a staff of death
Jewellery
 r - an amulet of the acrobat
Wands
 q - a wand of iceblast (1)
Scrolls
 a - a scroll of vulnerability {unknown}
 d - a scroll of noise {unknown}
 e - 4 scrolls of teleportation
 g - a scroll of fear {unknown}
 i - 2 scrolls of enchant weapon {unknown}
 m - a scroll of fog {unknown}
 s - 2 scrolls of blinking {unknown}
 v - 2 scrolls of amnesia
Potions
 b - a potion of degeneration
 k - a potion of ambrosia
 n - a potion of might
 o - a potion of cancellation {unknown}
 u - a potion of invisibility {unknown}
 w - 2 potions of resistance {unknown}
 x - a potion of flight {unknown}


   Skills:
 + Level 2.0 Maces & Flails
 - Level 1.7 Dodging
 - Level 1.7 Stealth
 - Level 2.4 Spellcasting
 + Level 8.9 Conjurations
 + Level 2.5 Hexes


You had 3 spell levels left.
You knew the following spells:

 Your Spells              Type           Power      Damage    Failure   Level
a - Magic Dart            Conj           100%       1d8       1%          1
b - Searing Ray           Conj           84%        2d7       1%          2
c - Fulminant Prism       Conj/Hex       13%        3d9       12%         4

Your spell library contained the following spells:

 Spells                   Type           Power      Damage    Failure   Level
 Dazzling Flash           Conj/Hex       54%        N/A       3%          3
 Ensorcelled Hibernation  Hex/Ice        16%        N/A       12%         2
 Tukima's Dance           Hex            13%        N/A       14%         3
 Iskenderun's Mystic Bla  Conj/Tloc      22%        2d6       21%         4


Dungeon Overview and Level Annotations

Branches:
Dungeon (5/15)
 Temple: D:4-7

Altars:

Shops:
D:2 (   D:5 ((([(


Innate Abilities, Weirdness & Mutations

You can breathe bolts of dispelling energy.
Your rich purple scales are hard. (AC +6)
You cannot fit into any form of body armour.
You are cold-blooded and may be slowed by cold attacks.


Message History

The orc warrior hits you with a +0 long sword.
The searing ray hits the orc warrior.
The orc warrior is heavily wounded.
The searing ray hits the orc wizard!
You kill the orc wizard!
The searing ray hits something!
Reactivating autopickup.
You feel a bit more experienced.
The searing ray hits the orc.
The orc is heavily wounded.
You finish channelling your searing ray.
The orc warrior hits you with a +0 long sword.
Your Maces & Flails skill increases to level 2!
Aiming: Breathe Dispelling Energy (5% risk of failure)
Press: ? - help, Shift-Dir - straight line, f/p - orc warrior
Aim: an orc warrior, wielding a +0 long sword and wearing a +0 plate armour (heavily wounded)
You breathe a bolt of dispelling energy.
The bolt of dispelling energy hits the orc warrior.
The orc warrior is heavily wounded.
The bolt of dispelling energy hits the orc!
You kill the orc!
The orc warrior closely misses you.
Casting: Searing Ray (safe; 1% risk of failure)
Confirm with . or Enter, or press ? or * to list all spells.
Aiming: Searing Ray (safe; 1% risk of failure)
Press: ? - help, Shift-Dir - straight line, f/p - orc warrior
Aim: an orc warrior, wielding a +0 long sword and wearing a +0 plate armour (heavily wounded, 82% to hit)
The searing ray hits the orc warrior.
The orc warrior is severely wounded. (Press . to maintain the ray.)
The orc warrior hits you with a +0 long sword!
The searing ray misses the orc warrior.
The orc warrior closely misses you.
The searing ray hits the orc warrior.
The orc warrior is severely wounded.
The orc warrior hits you with a +0 long sword!
* * * LOW HITPOINT WARNING * * *
The searing ray hits the orc warrior but does no damage.
The orc warrior is severely wounded.
You finish channelling your searing ray.
The orc warrior hits you with a +0 long sword!
You die...

#..# ###.###. #..#
#..... #..# ######
#..# #.o# #######
#.o# #.....# #..#
#.###.####..######
#.# #......)))o@.#
#.###.##########<#
#.)...# #######.#
###.### #.......#
#.# #.#######
###.# #.# #.>.#
#.# #.### #.# #.#
#.#


You could see an orc warrior.

Vanquished Creatures
  A water moccasin (D:3)
  An ice beast (D:5)
  2 ogres
  A centaur zombie (D:5)
  3 hounds
  An orc priest (D:5)
  An iguana (D:5)
  4 orc wizards (D:5)
  3 gnolls (D:3)
  6 adders
  2 ufetubi
  2 adder skeletons (D:4)
  3 worms
  2 dart slugs
  7 orcs
  6 ball pythons
  8 endoplasms
  3 giant cockroaches
  8 goblins
  3 hobgoblins
  4 jackals (D:2)
  6 kobolds
  3 quokkas
  4 bats
  3 frilled lizards
  5 rats
92 creatures vanquished.

Vanquished Creatures (others)
  A kobold (D:3)
1 creature vanquished.

Grand Total: 93 creatures vanquished

Notes
Turn   | Place    | Note
-------+----------+-------------------------------------------
     0 | D:1      | bearlyready the Draconian Conjurer began the quest for the
                  | Orb.
     0 | D:1      | Reached XP level 1. HP: 14/14 MP: 3/3
   589 | D:1      | Reached XP level 2. HP: 20/20 MP: 1/5
  1555 | D:2      | Reached skill level 5 in Conjurations
  1558 | D:2      | Learned a level 2 spell: Searing Ray
  1658 | D:2      | Reached XP level 3. HP: 20/26 MP: 6/6
  2060 | D:2      | Found Efuseqem's Antique Weapon Boutique.
  2149 | D:2      | Found a faded altar of an unknown god.
  2695 | D:3      | Reached XP level 4. HP: 20/33 MP: 4/7
  2830 | D:3      | Noticed a water moccasin
  2848 | D:3      | Killed a water moccasin
  2849 | D:3      | Reached skill level 6 in Conjurations
  2849 | D:3      | Reached XP level 5. HP: 23/38 MP: 0/8
  3618 | D:3      | Reached skill level 7 in Conjurations
  4335 | D:4      | Reached XP level 6. HP: 45/45 MP: 3/9
  4619 | D:5      | Entered Level 5 of the Dungeon
  4622 | D:5      | Found Neca's Armour Emporium.
  4623 | D:5      | Found Ceejuin's Weapon Emporium.
  4672 | D:5      | Found Maloz's Antique Weapon Shoppe.
  4751 | D:5      | Found Siacru's Weapon Boutique.
  4757 | D:5      | Noticed a troll
  4795 | D:5      | Noticed an ice beast
  4801 | D:5      | Killed an ice beast
  4802 | D:5      | Reached skill level 8 in Conjurations
  4827 | D:4      | Your scales start taking on a rich purple colour.
  4827 | D:4      | Reached XP level 7. HP: 21/50 MP: 4/10
  4837 | D:4      | Learned a level 4 spell: Fulminant Prism
  5180 | D:5      | Identified the +8 flail of Punishment {protect, rC++ Int+2}
  5250 | D:5      | Reached skill level 1 in Maces & Flails
  5250 | D:5      | Reached skill level 1 in Hexes
  5379 | D:5      | Found Woxyc's Antique Weapon Shoppe.
  5744 | D:5      | Slain by an orc warrior

Illustrated notes

Levels and vault maps discovered:
D:1:      heliophobic_arrival_enchanted_forest, layout_loops_corners,
          minmay_quantized
D:2:      layout_basic, basic_ecumenical_altar, serial_shops,
          nicolae_shop_trees, eino_tiny_chamber
D:3:      layout_loops_corners, serial_glass, glass_columns_a, glass_columns_a,
          glass_columns_a, glass_columns_b, glass_columns_c, glass_columns_b
D:4:      layout_rooms
D:5:      layout_loops_ring, serial_shops, nicolae_shop_statue_plus,
          nicolae_shop_window_shopping, nicolae_shop_statue_plus, shop, shop

Skill      XL: |  1  2  3  4  5  6  7 |
---------------+----------------------+-----
Conjurations   | 5 6 7 8 |  8.9
Maces & Flails | 2 |  2.0
Hexes          | 2 |  2.5
Dodging        | |  1.7
Stealth        | |  1.7
Spellcasting   | |  2.4

Action                   |  1- 3 |  4- 6 |  7- 9 || total
-------------------------+-------+-------+-------++-------
Melee: Unarmed           |    24 |       |       ||    24
       Dagger            |   110 |    73 |       ||   183
       Tailslap          |     6 |     8 |     1 ||    15
       Whip              |       |    13 |     1 ||    14
       Flail             |       |       |    16 ||    16
Throw: Dart              |       |     2 |       ||     2
       Throwing net      |       |     1 |       ||     1
 Cast: Magic Dart        |    31 |     1 |       ||    32
       Searing Ray       |     4 |    13 |     8 ||    25
 Abil: Breathe Dispellin |       |       |     3 ||     3
Evoke: Wand              |       |     3 |       ||     3
  Use: Potion            |       |     1 |     1 ||     2
       Scroll            |       |     4 |       ||     4
 Stab: Sleeping          |     6 |     2 |       ||     8
Armor: Skin              |    52 |    43 |    16 ||   111
Dodge: Dodged            |    99 |    73 |    31 ||   203

Table legend: (Time is in decaauts)
 A = Elapsed time spent in this place.
 B = Non-inter-level travel time spent in this place.
 C = Inter-level travel time spent in this place.
 D = Time resting spent in this place.
 E = Time spent auto-exploring this place.
 F = Levels seen in this place.
 G = Mean time per level.
                   A        B        C        D        E       F      G
               +--------+--------+--------+--------+--------+-----+--------+
         Total |   5757 |   5688 |     69 |      0 |   4773 |   5 | 1151.4 |
       Dungeon |   5757 |   5688 |     69 |      0 |   4773 |   5 | 1151.4 |
               +--------+--------+--------+--------+--------+-----+--------+

Top non-repeatable levels by time:
     D:1: 1462 daAuts
     D:3: 1355 daAuts
     D:2: 1083 daAuts
     D:4: 998 daAuts
     D:5: 858 daAuts
